 Dungeon Crawl Stone Soup version 0.26.0-90-g5fd8617961 (webtiles) character file.

Game seed: 13419028708080478016

127 Gadfly the Cudgeller (level 5, 0/75 HPs)
             Began as an Ogre Gladiator on Feb 3, 2021.
             Succumbed to a kobold's poison
             ... on level 3 of the Dungeon.
             The game lasted 00:04:46 (2630 turns).

Gadfly the Cudgeller (Ogre Gladiator)               Turns: 2630, Time: 00:04:47

Health: 0/75       AC: 22    Str: 19    XL:     5   Next: 11%
Magic:  6/6        EV:  1    Int:  9    God:
Gold:   56         SH:  0    Dex: 10    Spells: 4/4 levels left

rFire    . . .     SeeInvis .   b - +1 whip (venom)
rCold    . . .     Faith    +   (no shield)
rNeg     + + +     Spirit   .   (armour currently unavailable)
rPois    +         Reflect  .   (helmet currently unavailable)
rElec    .         Harm     .   (cloak currently unavailable)
rCorr    .         Rampage  .   (gloves unavailable)
Will     .....     NoTele   +   (boots unavailable)
Stlth    +.........             k - amulet of faith
HPRegen  0.22/turn              l - ring of flight
MPRegen  0.10/turn              (no ring)

@: mighty, lethally poisoned (0 -> -9), tree-form
A: large, unfitting armour, low mp 1
a: no special abilities


You were on level 3 of the Dungeon.
You were a tree.
You visited 1 branch of the dungeon, and saw 3 of its levels.

You collected 56 gold pieces.

Inventory:

Hand Weapons
 a - a +1 flail
 b - a +1 whip of venom (weapon)
Missiles
 d - 4 throwing nets
 e - 6 boomerangs (quivered)
Armour
 c - a +1 hat (melded)
 m - a +0 robe (melded)
Jewellery
 k - an amulet of faith (around neck)
 l - a ring of flight (left branch)
Scrolls
 n - a scroll of fog
Potions
 f - 2 potions of flight


   Skills:
 - Level 2.6 Fighting
 + Level 3.0 Maces & Flails
 + Level 2.4 Throwing
 * Level 1.7 Armour
 - Level 2.6 Dodging
 * Level 2.3 Invocations
 * Level 1.6 Evocations


You had 4 spell levels left.
You didn't know any spells.
Your spell library was empty.

Dungeon Overview and Level Annotations

Branches:
Dungeon (3/15)

Altars:
Beogh


Innate Abilities, Weirdness & Mutations

You are too large for most types of armour.
((You have tough skin. (AC +1)))
((You have a pair of small horns on your head.))
Your magical capacity is low. (-10% MP)
((Your movements are slightly less encumbered by armour. (ER -2)))


Message History

You hear some strange, mumbled words.
A puff of flame appears from out of thin air!
The puff of flame hits you!
* * * LOW HITPOINT WARNING * * *
Okay, then.
You feel very mighty all of a sudden.
* * * LOW HITPOINT WARNING * * *
You feel sick. Something hits you.
* * * LOW HITPOINT WARNING * * *
You whack something!
Reactivating autopickup.
You feel a bit more experienced.
* * * LOW HITPOINT WARNING * * *
You feel sick.
You have reached level 5!
Unknown command.
Unknown command.
You whack the rat!
You kill the rat!
You die...

.............'.o$o_#$..........
..#.###......#o8$8$#...........
#.#.# #......##.$$##).......
#.#.# #.......#####.........
#.# #..................... ...
#...........K......... ..#
#..........o#.##......
.$.....)##.........
.......♣###........
...................
......#####...<... ##..## .....
... .>.. ... #.. ... .. ..# #.#


You could see an orc wizard and a kobold.

Vanquished Creatures
  An orc priest (D:3)
  An orc wizard (D:3)
  3 adders (D:2)
  An ooze (D:2)
  2 orcs (D:3)
  4 giant cockroaches
  4 goblins
  5 hobgoblins
  5 jackals (D:1)
  A quokka (D:2)
  2 bats
  6 frilled lizards
  4 kobolds
  2 rats
41 creatures vanquished.

Notes
Turn   | Place    | Note
-------+----------+-------------------------------------------
     0 | D:1      | Gadfly the Ogre Gladiator began the quest for the Orb.
     0 | D:1      | Reached XP level 1. HP: 22/22 MP: 1/1
   607 | D:1      | Reached XP level 2. HP: 29/29 MP: 2/2
   619 | D:1      | Reached skill level 1 in Invocations
  1149 | D:2      | Reached XP level 3. HP: 31/36 MP: 3/3
  1272 | D:2      | Reached skill level 1 in Armour
  1272 | D:2      | Reached skill level 1 in Evocations
  1952 | D:2      | Reached XP level 4. HP: 27/44 MP: 5/5
  2590 | D:3      | Found a roughly hewn altar of Beogh.
  2622 | D:3      | Reached skill level 3 in Maces & Flails
  2626 | D:3      | Gained mutation: Your magical capacity is low. (-10% MP)
                  | [potion of mutation]
  2626 | D:3      | Gained mutation: You have a pair of small horns on your
                  | head. [potion of mutation]
  2626 | D:3      | Gained mutation: Your movements are slightly less
                  | encumbered by armour. (ER -2) [potion of mutation]
  2628 | D:3      | HP: 3/66 [poisoned by a kobold]
  2629 | D:3      | HP: 1/66 [poisoned by a kobold]
  2630 | D:3      | Reached XP level 5. HP: 1/50 MP: 6/6
  2630 | D:3      | Succumbed to a kobold's poison

Illustrated notes

Levels and vault maps discovered:
D:1:      lightli_arrival_quake, layout_loops_ring
D:2:      layout_loops_corners
D:3:      layout_rooms, kennysheep_orc_chapel

Skill      XL: |  1  2  3  4 |
---------------+-------------+-----
Invocations    | 1 2 |  2.3
Armour         | 1 |  1.7
Evocations     | 1 |  1.6
Maces & Flails | 3 |  3.0
Fighting       | |  2.6
Throwing       | |  2.4
Dodging        | |  2.6

Action                   |  1- 3 |  4- 6 || total
-------------------------+-------+-------++-------
Melee: Flail             |   104 |     6 ||   110
       Whip              |       |    13 ||    13
Throw: Boomerang         |     9 |     2 ||    11
  Use: Scroll            |    11 |     1 ||    12
       Potion            |     1 |     3 ||     4
Armor: Robe              |    29 |     1 ||    30
       Skin              |       |     2 ||     2
Dodge: Dodged            |    78 |    13 ||    91
